 Dungeon Crawl Stone Soup version 0.27.1-1-g398f81649c (webtiles) character file.

Game seed: 13286114344718220059

5113 Metae the Fighter (level 10, -7/94 HPs)
             Began as a Minotaur Fighter on Sept 9, 2021.
             Was a Believer of Trog.
             Killed from afar by an acid dragon (14 damage)
             ... with a splash of acid
             ... on level 8 of the Dungeon.
             The game lasted 00:33:52 (10242 turns).

Metae the Fighter (Minotaur Fighter)               Turns: 10242, Time: 00:33:53

Health: -7/94      AC: 12    Str: 29    XL:     10   Next: 32%
Magic:  9/9        EV:  8    Int: 11    God:    Trog [**....]
Gold:   85         SH: 11    Dex: 10    Spells: 9/9 levels left

rFire    + . .     SeeInvis .   s - +2 long sword (flame)
rCold    . . .     Faith    .   c - +0 kite shield
rNeg     . . .     Spirit   .   J - +2 scale mail {Will+}
rPois    .         Reflect  .   (helmet restricted)
rElec    .         Harm     .   g - +1 cloak
rCorr    .         Rampage  +   (no gloves)
Will     +....                  h - +2 pair of boots {rampage}
Stlth    +.........             (no amulet)
HPRegen  0.25/turn              l - ring of Pippydod {rF+ Str+5 Int+6 Stlth+}
MPRegen  0.11/turn              (no ring)

@: corroded
A: horns 2, retaliatory headbutt
a: Renounce Religion, Berserk, Trog's Hand


You were on level 8 of the Dungeon.
You worshipped Trog.
Trog was pleased with you.
You visited 2 branches of the dungeon, and saw 9 of its levels.
You also visited: Ossuary.

You collected 439 gold pieces.
You spent 354 gold pieces at shops.

Inventory:

Hand Weapons
 a - a +0 trident
 b - a +0 glaive
 k - a +1 vorpal hand axe
 s - a +2 long sword of flaming (weapon)
 G - a +0 hand crossbow of flaming
Missiles
 I - 65 bolts
Armour
 c - a +0 kite shield (worn)
 g - a +1 cloak (worn)
 h - a +2 pair of boots of rampaging (worn)
 w - a +0 chain mail
 B - +0 steam dragon scales
 J - a +2 scale mail of willpower (worn)
Jewellery
 l - the ring of Pippydod (left hand) {rF+ Str+5 Int+6 Stlth+}
   (You acquired it on level 5 of the Dungeon)

   [ring of intelligence]

   Str:       It affects your strength (+5).
   Int:       It affects your intelligence (+6).
   rF:        It protects you from fire.
   Stlth:     It makes you more stealthy.
 y - a ring of magical power
Scrolls
 o - 3 scrolls of noise
 p - a scroll of enchant weapon {unknown}
 q - 2 scrolls of identify
 r - 4 scrolls of magic mapping
 t - 2 scrolls of fog {unknown}
 u - 5 scrolls of teleportation
 v - 5 scrolls of amnesia {unknown}
 x - a scroll of immolation {unknown}
 E - a scroll of torment {unknown}
 F - 2 scrolls of fear {unknown}
 H - a scroll of holy word {unknown}
Potions
 d - a potion of experience {unknown}
 e - a potion of brilliance
 f - 3 potions of flight
 i - 3 potions of ambrosia
 j - a potion of attraction {unknown}
 m - a potion of curing
 n - a potion of resistance {unknown}
 z - 4 potions of berserk rage
 A - a potion of degeneration {unknown}
 C - 2 potions of haste
 D - 2 potions of might


   Skills:
 + Level 10.7 Fighting
 + Level 7.6 Long Blades
 - Level 3.3 Polearms
 + Level 4.7 Crossbows
 + Level 10.6 Armour
 - Level 7.1 Shields


You had 9 spell levels left.
You didn't know any spells.
Your spell library contained the following spells:

 Spells                   Type           Power      Damage    Failure   Level
 Magic Dart               Conj           0%         1d3       88%         1
 Call Imp                 Summ           0%         N/A       95%         2
 Mephitic Cloud           Conj/Pois/Air  0%         N/A       99%         3
 Ozocubu's Armour         Ice            0%         N/A       99%         3
 Ozocubu's Refrigeration  Ice            0%         4d5       100%        7


Dungeon Overview and Level Annotations

Branches:
Dungeon (8/15)             Temple (1/1) D:4         Ossuary (visited)
   Lair: D:8-11

Altars:
Ashenzari
Cheibriados
Dithmenos
Elyvilon
Fedhas
Gozag
Hepliaklqana
Kikubaaqudgha
Nemelex Xobeh
Okawaru
Ru
Sif Muna
Trog
Uskayaw
Vehumet
Wu Jian
Xom
Zin

Shops:
D:1 !   D:7 (*[*


Innate Abilities, Weirdness & Mutations

You have a pair of horns on your head.
You reflexively headbutt those who attack you in melee.


Message History

The electric eel shoots out a bolt of lightning at you!
The bolt of electricity misses you. The bolt of electricity hits you!
You block the wraith's attack. You block the acid dragon's attack. x2
You barely miss the wraith.
You headbutt the wraith, but do no damage.
The electric eel shoots out a bolt of lightning at you!
The bolt of electricity hits you!! The bolt of electricity hits you!
You block the wraith's attack. You block the acid dragon's attack.
The acid dragon claws you. The wraith hits you. The wraith drains your vigour!
You feel yourself slow down. You block the acid dragon's attack.
The acid dragon claws you.
The acid dragon bites you but does no damage.
You block the acid dragon's attack. You block the wraith's attack.
The acid dragon spits acid at you. The splash of acid hits you.
You are splashed with acid!
The electric eel shoots out a bolt of lightning at you!
The bolt of electricity hits you. The wraith hits you but does no damage.
The acid dragon spits acid at you. You block the splash of acid.
You block the acid dragon's attack.
The acid dragon claws you but does no damage.
The acid dragon spits acid at you. You block the splash of acid.
The acid dragon spits acid at you. The splash of acid hits you!
* * * LOW HITPOINT WARNING * * *
The acid corrodes you!
You are splashed with acid!
* * * LOW HITPOINT WARNING * * *
You feel better.
You feel yourself speed up. The acid dragon spits acid at you.
The splash of acid hits you.
* * * LOW HITPOINT WARNING * * *
You are splashed with acid!
* * * LOW HITPOINT WARNING * * *
There is an open door here.
The acid dragon spits acid at you. The splash of acid hits you!
You die...

...................+
...#.........#######
#+#######.# ####.######
#....#....# #W####....#
###.# #....# #
+...####....#####
#...##...WD'.@..'...#
#.........).....###.#
#.....≈§8§§.#######'#+####
#...#.≈§.§≈.# #.......#
#...#.≈≈.§≈§# #.......#
### #.≈≈.≈≈..# #.).....#
#.≈≈.≈≈.... #.......#
#.≈≈_≈≈.... #......[#
#.≈§≈≈§..... #.......#


You could see a wraith and an acid dragon (catching breath).

Vanquished Creatures
  A two-headed ogre (D:8)
  Pikel (D:7)
  Maggie (D:7)
  Prince Ribbit (D:7)
  Grinder (D:3)
  4 yaks (D:7)
  A vampire (D:6)
  Eustachio (D:6)
  Menkaure (D:6)
  A black bear (D:6)
  An ice beast (D:6)
  2 ogres
  2 necrophages
  A centaur (D:6)
  A phantom (D:5)
  An elf zombie (Ossuary)
  A bullfrog (D:6)
  4 scorpions
  6 killer bees (D:8)
  3 wights (D:7)
  A howler monkey (D:6)
  3 human zombies (Ossuary)
  3 centaur skeletons
  2 orc priests (D:7)
  5 hounds
  4 jellies
  3 iguanas
  Crazy Yiuf (D:7)
  2 orc wizards (D:4)
  A hound zombie (Ossuary)
  4 mummies (Ossuary)
  3 gnolls (D:4)
  12 adders
  A shadow imp (D:6)
  3 white imps (D:6)
  An ufetubus (D:7)
  2 adder skeletons
  A worm (D:4)
  3 dart slugs
  20 orcs
  7 ball pythons
  10 endoplasms
  3 giant cockroaches
  2 gnoll zombies (Ossuary)
  6 goblins
  9 hobgoblins
  6 kobolds
  4 quokkas
  4 bats
  3 frilled lizards (D:1)
  A hobgoblin zombie (Ossuary)
  A jackal zombie (Ossuary)
  An orc zombie (Ossuary)
  5 rats
  2 rat zombies (Ossuary)
174 creatures vanquished.

Notes
Turn   | Place    | Note
-------+----------+-------------------------------------------
     0 | D:1      | Metae the Minotaur Fighter began the quest for the Orb.
     0 | D:1      | Reached XP level 1. HP: 19/19 MP: 0/0
   363 | D:1      | Reached XP level 2. HP: 27/27 MP: 1/1
   805 | D:1      | Found Meazod's Distillery.
   808 | D:1      | Bought a potion of heal wounds for 60 gold pieces
  1014 | D:1      | Reached XP level 3. HP: 33/33 MP: 2/2
  1260 | D:2      | Reached XP level 4. HP: 26/41 MP: 3/3
  1874 | D:2      | Reached skill level 5 in Fighting
  2327 | D:3      | Reached skill level 5 in Armour
  2327 | D:3      | Reached XP level 5. HP: 48/48 MP: 4/4
  2965 | D:3      | Noticed Grinder
  2969 | D:3      | Paralysed by Grinder for 2 turns
  2974 | D:3      | Killed Grinder
  2975 | D:3      | Reached skill level 1 in Long Blades
  2975 | D:3      | Reached XP level 6. HP: 24/57 MP: 5/5
  3230 | D:4      | Found a staircase to the Ecumenical Temple.
  3259 | D:4      | Reached skill level 5 in Shields
  3467 | Temple   | Entered the Ecumenical Temple
  3819 | Temple   | Became a worshipper of Trog the Wrathful
  3902 | D:4      | Reached XP level 7. HP: 40/63 MP: 6/6
  4881 | D:5      | Entered Level 5 of the Dungeon
  4881 | D:5      | Found a sand-covered staircase.
  4901 | Ossuary  | Entered an ossuary
  4910 | Ossuary  | Reached * piety under Trog
  5294 | D:5      | Reached XP level 8. HP: 73/73 MP: 7/7
  6330 | D:5      | Identified 2 scrolls of acquirement
  6334 | D:5      | Acquired the ring of Pippydod {rF+ Str+5 Int+6 Stlth+}
  6450 | D:6      | Found an ornate altar of the Wu Jian Council.
  6925 | D:6      | Noticed Eustachio
  6932 | D:6      | Killed Eustachio
  6932 | D:6      | Reached ** piety under Trog
  6933 | D:6      | Reached XP level 9. HP: 82/83 MP: 8/8
  7064 | D:6      | Noticed Menkaure
  7390 | D:6      | Reached skill level 5 in Long Blades
  8066 | D:6      | Acquired a +2 pair of boots of rampaging
  8401 | D:7      | Noticed Prince Ribbit
  8412 | D:7      | Killed Prince Ribbit
  8542 | D:7      | Noticed a two-headed ogre
  8545 | D:7      | Found Zaeckyczioro's Antique Weapon Shop.
  8636 | D:7      | Noticed Pikel
  8643 | D:7      | Killed Pikel
  8655 | D:7      | Reached skill level 10 in Fighting
  8655 | D:7      | Reached skill level 10 in Armour
  9041 | D:7      | Found Koafueti's Antique Armour Shoppe.
  9182 | D:7      | Found Guch's General Store.
  9190 | D:7      | Bought a +2 scale mail of willpower for 294 gold pieces
  9242 | D:7      | Noticed Maggie
  9254 | D:7      | Killed Maggie
  9255 | D:7      | Reached XP level 10. HP: 81/93 MP: 9/9
  9266 | D:7      | Found Wakonidd's Assorted Antiques.
  9660 | D:7      | Found a runed translucent door.
  9661 | D:7      | Noticed Crazy Yiuf
  9718 | D:7      | Killed Crazy Yiuf
  9921 | D:6      | Killed Menkaure
 10053 | D:8      | Noticed a two-headed ogre
 10055 | D:8      | Found an iron altar of Okawaru.
 10064 | D:8      | Killed a two-headed ogre
 10242 | D:8      | Killed from afar by an acid dragon

Illustrated notes

Levels and vault maps discovered:
D:1:      heliophobic_arrival_glass_houses, layout_basic, serial_shops,
          shop_statue
D:2:      layout_loops_ring, minmay_close_crescents
D:3:      layout_basic, uniq_grinder
D:4:      layout_loops_ring, minmay_temple_entry_ruins,
          chequers_serial_rivers_micro_b, hangedman_decor_clover_reticule
D:5:      layout_layer_cave, enter_ossuary_3
D:6:      minmay_angry_zag, layout_loops_cross,
          mainiacjoe_overflow_small_starburst, uniq_menkaure, uniq_eustachio
D:7:      layout_loops_corners, serial_shops, nicolae_shop_trees,
          nicolae_take_the_stairs, nicolae_shop_stone, shop,
          uniq_crazy_yiuf_cottage, uniq_maggie, uniq_prince_ribbit1, uniq_pikel
D:8:      statuecave_lemuel, layout_basic, mainiacjoe_overflow_catwalk,
          lemuel_zombie_altar_yredelemnul, david_defended_altar_orc,
          uniq_maurice
Temple:   eino_temple_scatter_basement

Skill      XL: |  1  2  3  4  5  6  7  8  9 10 |
---------------+-------------------------------+-----
Armour         | 4 5 6 7 8 10 | 10.6
Fighting       | 4 5 6 7 9 10 | 10.7
Polearms       | 3 |  3.3
Shields        | 4 5 6 7 |  7.1
Long Blades    | 1 2 3 4 6 7 |  7.6
Crossbows      | 3 4 |  4.7

Action                   |  1- 3 |  4- 6 |  7- 9 | 10-12 || total
-------------------------+-------+-------+-------+-------++-------
Melee: Trident           |    76 |    53 |       |       ||   129
       Headbutt          |     7 |    20 |    49 |    11 ||    87
       Long sword        |       |    51 |   218 |    45 ||   314
 Fire: Hand crossbow     |       |       |     4 |       ||     4
Invok: Trog's Hand       |       |       |       |     1 ||     1
  Use: Scroll            |       |     2 |    10 |       ||    12
       Potion            |       |     1 |     2 |     1 ||     4
Armor: Scale mail        |    26 |    45 |    41 |    26 ||   138
       Chain mail        |       |       |    59 |       ||    59
Dodge: Dodged            |    22 |    33 |    65 |    16 ||   136
Block: Kite shield       |    30 |    59 |   133 |    43 ||   265
       Rpst.: Long sword |       |     5 |    20 |     2 ||    27
